 Dungeon Crawl Stone Soup version 0.25-a0-697-g890751e (webtiles) character file.

Game seed: 1082591413280966792, levelgen mode: deterministic

346 Faels the Cutter (level 6, 0/58 HPs)
             Began as a Kobold Fighter on Apr 1, 2020.
             Shot with an arrow by a centaur (5 damage)
             ... on level 5 of the Dungeon.
             The game lasted 00:08:57 (4058 turns).

Faels the Cutter (Kobold Fighter)                   Turns: 4058, Time: 00:08:58

Health: 0/58       AC:  6    Str: 14    XL:     6   Next: 90%
Magic:  6/6        EV: 12    Int: 10    God:
Gold:   107        SH:  9    Dex: 15    Spells: 5/5 levels left

rFire    . . .     SeeInvis .   a - +0 rapier
rCold    . . .     Gourm    .   c - +0 kite shield
rNeg     . . .     Faith    .   v - +0 ring mail
rPois    .         Spirit   .   p - +0 helmet
rElec    .         Reflect  .   (no cloak)
rCorr    .         Harm     .   (no gloves)
MR       .....                  (no boots)
Stlth    ..........             (no amulet)
HPRegen  0.19/turn              (no ring)
MPRegen  0.10/turn              (no ring)

@: mighty, berserking, very slightly contaminated, very quick
A: small, carnivore
a: no special abilities


You were on level 5 of the Dungeon.
You were very full.

You visited 1 branch of the dungeon, and saw 5 of its levels.

You collected 107 gold pieces.

Inventory:

Hand Weapons
 a - a +0 rapier (weapon)
 d - a +0 vorpal spear
 q - a +3 dagger of pain
Missiles
 i - a throwing net
 l - 3 boomerangs (quivered)
 n - 4 atropa-tipped darts
 o - 16 poisoned darts
Armour
 b - a +0 scale mail
 c - a +0 kite shield (worn)
 g - a +0 leather armour
 p - a +0 helmet (worn)
 v - a +0 ring mail (worn)
Wands
 y - a wand of enslavement (4)
Scrolls
 e - 2 scrolls of magic mapping
 k - a scroll of amnesia
 m - a scroll of fog
 u - 3 scrolls of remove curse
 w - a scroll of enchant armour {unknown}
Potions
 h - 3 potions of curing
 j - a potion of stabbing
 r - a potion of lignification
 x - a potion of magic
 C - a potion of haste
Comestibles
 f - 9 rations


   Skills:
 + Level 4.5 Fighting
 + Level 4.6 Short Blades
 - Level 3.0 Armour
 + Level 3.2 Dodging
 + Level 2.3 Stealth
 + Level 3.4 Shields


You had 5 spell levels left.
You didn't know any spells.
Your spell library was empty.

Dungeon Overview and Level Annotations

Branches:
Dungeon (5/15)
 Temple: D:4-7

Altars:
Fedhas

Annotations:
D:5 Edmund


Innate Abilities, Weirdness & Mutations

You are small and have problems with some larger weapons.
You are carnivorous and can eat meat at any time.


Message History

Edmund hits you but does no damage.
The orc hits the bush but does no damage.
The centaur shoots an arrow.
The arrow hits you. The arrow freezes you.
You hit Edmund but do no damage.
Edmund is moderately wounded.
The orc hits you but does no damage. The orc barely misses you.
You block the orc's attack. Edmund hits you but does no damage.
The centaur shoots an arrow.
You block the arrow.
You hit Edmund but do no damage.
Edmund is moderately wounded.
The orc misses you.
The centaur shoots an arrow.
The arrow hits you! The arrow freezes you.
* * * LOW HITPOINT WARNING * * *
You closely miss Edmund.
Edmund is moderately wounded.
Edmund closely misses you. You block the orc's attack.
The centaur shoots an arrow.
The arrow hits you!
* * * LOW HITPOINT WARNING * * *
The arrow freezes you.
You die...

..§§§§§#
...§####
##...P..P...###
...
...............
...
...P(.....P...!+
...
...............#
...
...............
#
...P......P....
+#..........#
.....Po@Pc..#
.....oo@o..##
....#..o..## ...
#.....# .
#.....# +.....#
##...## #...#
.....


You could see Edmund, a centaur, an orc wizard and 4 orcs.

Vanquished Creatures
  A scorpion (D:4)
  A hound (D:4)
  A bullfrog skeleton (D:4)
  2 worker ants (D:4)
  4 gnolls (D:3)
  4 adders
  2 oozes
  An adder skeleton (D:4)
  3 worms
  3 dart slugs
  5 leopard geckos
  An orc (D:3)
  3 ball pythons
  5 giant cockroaches
  9 goblins
  6 hobgoblins
  6 jackals
  8 kobolds
  3 quokkas
  9 bats
  7 frilled lizards
  A jackal skeleton (D:4)
  4 rats
89 creatures vanquished.

Notes
Turn   | Place    | Note
-------+----------+-------------------------------------------
     0 | D:1      | Faels the Kobold Fighter began the quest for the Orb.
     0 | D:1      | Reached XP level 1. HP: 14/14 MP: 1/1
    91 | D:1      | Reached XP level 2. HP: 14/19 MP: 2/2
   204 | D:1      | Reached skill level 1 in Dodging
   305 | D:1      | Reached XP level 3. HP: 21/23 MP: 3/3
  1376 | D:2      | Reached XP level 4. HP: 29/29 MP: 4/4
  2144 | D:2      | Found a faded altar of an unknown god,
  2284 | D:3      | Reached XP level 5. HP: 15/33 MP: 5/5
  2939 | D:3      | Found a blossoming altar of Fedhas,
  3137 | D:4      | Reached skill level 1 in Stealth
  3137 | D:4      | Reached XP level 6. HP: 24/38 MP: 6/6
  4037 | D:5      | Entered Level 5 of the Dungeon
  4044 | D:5      | Noticed Edmund
  4058 | D:5      | Shot with an arrow by a centaur

Levels and vault maps discovered:
D:1:      dpeg_arrival_central, layout_basic
D:2:      layout_basic, chequers_ecumenical_altar_grove
D:3:      layout_rooms, minmay_splitting_lines, fedhas_altar_fruit_tree
D:4:      layout_rooms, first_ration, hex_medium
D:5:      layout_gridville, nicolae_ossuary_entry_monument,
          minmay_misc_feat_plants, minmay_puff, uniq_edmund

Skill      XL: |  1  2  3  4  5  6 |
---------------+-------------------+-----
Short Blades   | 3 4 |  4.6
Dodging        | 1 2 3 |  3.2
Shields        | 3 |  3.4
Fighting       | 4 |  4.5
Armour         | 3 |  3.0
Stealth        | 1 2 |  2.3

Action                   |  1- 3 |  4- 6 || total
-------------------------+-------+-------++-------
Melee: Rapier            |    85 |   244 ||   329
Throw: Boomerang         |    10 |     8 ||    18
  Use: Scroll            |       |    12 ||    12
       Potion            |       |     3 ||     3
 Stab: Sleeping          |       |     1 ||     1
  Eat: Chunk             |    10 |     8 ||    18
Armor: Scale mail        |    36 |    19 ||    55
       Ring mail         |       |    47 ||    47
Dodge: Dodged            |    35 |   115 ||   150
Block: Kite shield       |    37 |   132 ||   169

Table legend:
 A = Non-vault XP
 B = Vault XP
 C = Vault XP percentage of total XP
 D = Non-vault monster count
 E = Vault monster count
 F = Vault count percentage of total count
                 A         B        C        D         E       F
            +---------+---------+-------+---------+---------+-------
      Total |     495 |       0 |   0.0 |      89 |       0 |   0.0
            +---------+---------+-------+---------+---------+-------
        D:1 |      48 |       0 |   0.0 |      22 |       0 |   0.0
        D:2 |      65 |       0 |   0.0 |      27 |       0 |   0.0
        D:3 |     126 |       0 |   0.0 |      22 |       0 |   0.0
        D:4 |     256 |       0 |   0.0 |      18 |       0 |   0.0
            +---------+---------+-------+---------+---------+-------
